← All builds
Front / Armada / Economy first / OBSERVED BUILD

Standard front

Armada Front build order · Supreme Isthmus

Standard economy-first Front play: Bot Lab and Vehicle Plant up immediately, units trickle to the coast and middle, with an Advanced Metal Extractor around 9:00 as the eco transition.

#eco · 1700 distinct matches · 248 players · 74% of Armada Front games · team won 61% of 1994 · Recently observed

HOW TO PLAY IT

Key timing: T2 constructor by 7:43

  1. Open mex and wind, drop Bot Lab and Vehicle Plant almost immediately.
  2. Pump Blitz, Rocketeer and Pawn to the coast to stop leaks first.
  3. Add Centurion and Janus once first units are moving up.
  4. Form units into a line pushing toward middle as numbers grow.
  5. Upgrade to Advanced Metal Extractor as the economy transition kicks in.

Phase by phase

TYPICAL OF ITS 1700 GAMES
  1. 1
  2. 2
  3. 3
PLAY THE OPENING

Follow the example game's first 6:00 step by step: what to build now, what comes next, and where it goes. At 1× it keeps pace with your own game.

  1. 1

    Up to the Bot Lab

    Economy
    • Metal Extractor2Mex
    Order
    1. Bot LabBot Lab after 2 mex, 1 winddone ~0:44, middle half 0:33–0:56

    Some games also: wind (48%) · Vehicle Plant (35%)

    By 0:28 in all: 2 mex

    The example game in this phase · 2 steps
    1. Mex ×3
    2. Bot LabBot Labdone 0:44 · typical 0:44
  2. 2

    Bot Lab to 5:00

    Economy
    • Metal Extractor4Mex
    • Wind Turbine3Wind
    Builders
    • Construction Bot1 Con bot
    Army
    • Sentry1 Sentry
    • Rocketeer6 Rocketeer

    Some games also: Lazarus (49%) · tick (46%) · centurion (40%) · con vehicle (32%) · janus (32%)

    By 5:00 in all: 6 mex · 6 wind

    The example game in this phase · 41 steps
    1. Wind
    2. TickTick ×2
    3. Construction BotCon bot
    4. Wind
    5. Construction BotCon bot ×2
    6. Mex
    7. CenturionCenturion
    8. TickTick ×2
    9. CenturionCenturion
    10. PawnPawn
    11. CenturionCenturion
    12. Mex
    13. RocketeerRocketeer
    14. Wind
    15. RocketeerRocketeer ×2
    16. Wind
    17. RocketeerRocketeer
    18. Mex
    19. RocketeerRocketeer
    20. Radar TowerRadar Tower
    21. LazarusLazarus
    22. Wind
    23. RocketeerRocketeer
    24. SentrySentry
    25. RocketeerRocketeer
    26. Wind
    27. RocketeerRocketeer ×3
    28. Wind
    29. Construction BotCon bot
    30. RocketeerRocketeer
    31. Wind
    32. Radar TowerRadar Tower
    33. RocketeerRocketeer ×2
    34. SentrySentry
    35. RocketeerRocketeer ×2
    36. Wind
    37. RocketeerRocketeer
    38. LazarusLazarus
    39. Radar TowerRadar Tower
    40. Wind
    41. RocketeerRocketeer ×2
  3. 3

    5:00 to 10:00

    Economy
    • Metal Extractor1Mex
    • Wind Turbine14Wind
    Builders
    • Construction Turret2 Con turret
    Army
    • Sentry1 Sentry

    Some games also: rocketeer (45%) · energy storage (43%) · Lazarus (38%) · con bot (37%) · Radar Tower (36%)

    By 10:00 in all: 7 mex · 24 wind · 1 energy storage · 3 con turret

    The example game in this phase · 102 steps
    1. RocketeerRocketeer
    2. Wind
    3. RocketeerRocketeer ×2
    4. Wind
    5. Construction BotCon bot
    6. Energy storage
    7. PawnPawn
    8. Wind
    9. PawnPawn
    10. CenturionCenturion
    11. Wind
    12. CenturionCenturion
    13. Radar TowerRadar Tower
    14. Wind
    15. Advanced Metal ExtractorT2 mexdone 8:38 · typical 9:00
    16. Construction BotCon bot
    17. Wind
    18. RocketeerRocketeer
    19. Wind ×2
    20. LazarusLazarus
    21. Wind
    22. Advanced Metal ExtractorT2 mex
    23. Construction BotCon bot
    24. Wind
    25. Construction BotCon bot
    26. Wind
    27. Advanced Metal ExtractorT2 mex
    28. CenturionCenturion
    29. Wind
    30. CenturionCenturion
    31. Wind
    32. Construction BotCon bot
    33. Con turret
    34. Advanced Metal ExtractorT2 mex
    35. Con turret
    36. Energy storage
    37. Wind
    38. CenturionCenturion
    39. Advanced solar
    40. SentrySentry
    41. Radar TowerRadar Tower
    42. Wind
    43. PawnPawn
    44. CenturionCenturion
    45. Mex
    46. RocketeerRocketeer
    47. Wind
    48. Advanced Metal ExtractorT2 mex
    49. CenturionCenturion
    50. Advanced solar
    51. Wind
    52. CenturionCenturion
    53. Mex
    54. Wind ×2
    55. CenturionCenturion ×2
    56. Wind
    57. SentrySentry
    58. CenturionCenturion
    59. Wind
    60. SentrySentry
    61. CenturionCenturion
    62. Wind
    63. SentrySentry
    64. CenturionCenturion
    65. Wind
    66. Con turret
    67. Advanced Metal ExtractorT2 mex
    68. SentrySentry
    69. Wind
    70. CenturionCenturion
    71. RattlesnakeRattlesnakedone 13:14
    72. CenturionCenturion
    73. Wind
    74. CenturionCenturion ×2
    75. Wind
    76. CenturionCenturion
    77. Wind
    78. CenturionCenturion ×2
    79. Wind
    80. CenturionCenturion
    81. Wind
    82. CenturionCenturion ×2
    83. Wind
    84. BeamerBeamer
    85. CenturionCenturion
    86. Wind
    87. CenturionCenturion ×2
    88. Wind
    89. CenturionCenturion
    90. BeamerBeamer
    91. CenturionCenturion
    92. Wind
    93. CenturionCenturion
    94. Wind
    95. BeamerBeamer
    96. CenturionCenturion ×2
    97. Wind
    98. BeamerBeamer
    99. CenturionCenturion
    100. Wind
    101. BeamerBeamer
    102. CenturionCenturion

Counts are medians over the build's games: half of them build more, half fewer. The example game is JustSomeGuy's (43 OS, 14/10/2026); pick another.

Team trades

IN AT LEAST 30% OF ITS GAMES

You hand over

Nothing regular.

You get

  • Tidal Generator4 Tidal from Pondfirst at 0:17 · in 68% of games
  • Advanced Construction Bot1 T2 con bot from Geo or Techfirst at 7:24 · in 64% of games

How it plays out

Typical game of this build, running totals by minute

Metal produced

010k20k30k
0:005:0010:0015:00

metal

Enemy metal destroyed

05k10k
0:005:0010:0015:00

metal

Own metal lost

05k10k
0:005:0010:0015:00

metal

1994 games.

Show as table
ByMetal produced: This buildEnemy metal destroyed: This buildOwn metal lost: This build
1:0033300
2:008402131
3:001618135108
4:002700522333
5:0038471128787
6:00503519281428
7:00625027202303
8:00753535463173
9:00897343304071
10:001054250114810
11:001237555405548
12:001452859986409
13:001685964707001
14:001921771867827
15:002184978708694
WHAT THE NUMBERS SAY

Standard Front play wins more often than Suicide front and produces more metal by 15:00 while losing less of it.

  • + Metal produced reaches 22627 by 15:00, well above Suicide front's 20142.
  • + Own metal lost is 8944 by 15:00, lower than enemy metal destroyed ratio of Suicide front.
  • − First unit lost already at 1:43, showing exposure despite the safer position.
  • − Blitz dominates army share at 25%, leaving fewer Centurion for anti-swarm.
THE EXAMPLE YOU ARE READING

JustSomeGuy

43.1 OS · 14/10/2026

Open source match ↗

11 received units · includes a constructor
319 metal received · 57661 energy received

Allied construction assistance is unknown. Timings are observations, not a promise of solo reproducibility.

Typical milestones

Bot Lab0:44Middle 50%: 0:33–0:56 · n=1332
Vehicle Plant0:47Middle 50%: 0:41–1:13 · n=1286
Advanced Metal Extractor9:00Middle 50%: 8:09–10:15 · n=1564

Played most by

haaven107games of this buildHummell107games of this buildLeohvm93games of this buildTheGeneraI75games of this buildXad69games of this build